 Dungeon Crawl Stone Soup version 0.30-a0-622-gddc90eaa04 (webtiles) character file.

Game seed: 8970028871031262927

474 avis the Slasher (level 6, 0/45 (48) HPs)
             Began as a Demigod Warper on Jan 11, 2023.
             Slain by a wight
             ... wielding a +0 trident
              (1 damage)
             ... on level 4 of the Dungeon.
             The game lasted 00:21:27 (3599 turns).

avis the Slasher (Demigod Warper)                   Turns: 3599, Time: 00:21:28

HP:   0/45 (48)     AC:  8    Str: 12    XL:     6   Next: 53%
MP:   9/11          EV: 14    Int: 15    God:
Gold: 189           SH:  0    Dex: 21    Spells: 4/8 levels left

rFire   . . .      SeeInvis .    a - +0 falchion
rCold   . . .      Faith    .    (no shield)
rNeg    . . .      Spirit   .    k - +0 leather armour
rPois   .          Reflect  .    (no helmet)
rElec   .          Harm     .    x - +2 cloak
rCorr   .          Rampage  .    A - +0 pair of gloves
Will    .....                    t - +0 pair of boots
Stlth   ++                       (no amulet)
HPRegen 0.27/turn                (no ring)
MPRegen 0.12/turn                (no ring)

@: on blink cooldown, drained
A: high MP 1, forlorn, divine attributes
a: no special abilities


You were on level 4 of the Dungeon.
You visited 1 branch of the dungeon, and saw 4 of its levels.

You collected 189 gold pieces.

Inventory:

Hand Weapons
 a - a +0 falchion (weapon)
 b - a +0 sling
 y - a +1 dagger of pain
Missiles
 d - a boomerang of dispersal
 j - 10 poisoned darts (quivered)
 l - 2 boomerangs
Armour
 k - a +0 leather armour (worn)
 t - a +0 pair of boots (worn)
 x - a +2 cloak (worn)
 A - a +0 pair of gloves (worn)
Scrolls
 c - 4 scrolls of blinking
 g - a scroll of teleportation {unknown}
 h - 2 scrolls of enchant weapon {unknown}
 m - a scroll of enchant armour {unknown}
 o - 2 scrolls of identify {unknown}
 p - a scroll of vulnerability {unknown}
 r - a scroll of acquirement {unknown}
 u - a scroll of fear {unknown}
Potions
 e - 2 potions of magic {unknown}
 f - a potion of mutation {unknown}
 i - 2 potions of curing {unknown}
 n - a potion of brilliance {unknown}
 q - a potion of cancellation {unknown}
 s - a potion of lignification {unknown}
 v - a potion of berserk rage {unknown}
 w - 3 potions of attraction {unknown}
 z - a potion of ambrosia {unknown}


   Skills:
 - Level 2.0 Fighting
 - Level 5.0 Long Blades
 - Level 0.8 Throwing
 - Level 0.8 Armour
 * Level 4.8 Dodging
 - Level 1.7 Spellcasting
 - Level 2.6 Translocations


You had 4 spell levels left.
You knew the following spells:

 Your Spells              Type           Power      Damage    Failure   Level
b - Blink                 Tloc           18%        N/A       14%         2
e - Wereblood             Tmut           1%         N/A       41%         2

Your spell library contained the following spells:

 Spells                   Type           Power      Damage    Failure   Level
 Lesser Beckoning         Tloc           18%        N/A       28%         3
 Teleport Other           Tloc           9%         N/A       28%         3
 Sublimation of Blood     Necr           1%         N/A       41%         2
 Vhi's Electric Charge    Tloc/Air       10%        N/A       45%         3
 Dazzling Flash           Conj/Hex       2%         N/A       65%         3
 Manifold Assault         Tloc           9%         N/A       67%         4
 Olgreb's Toxic Radiance  Pois           1%         N/A       96%         4
 Agony                    Necr           1%         N/A       100%        5
 Iskenderun's Battlesphe  Conj           1%         2d6       100%        5
 Silence                  Hex/Air        0%         N/A       100%        5
 Iron Shot                Conj/Erth      0%         9d1       100%        6
 Ozocubu's Refrigeration  Ice            0%         4d7       100%        7
 Spellforged Servitor     Conj/Summ      0%         N/A       100%        7
 Summon Hydra             Summ           0%         N/A       100%        7
 Ignition                 Fire           0%         3d3       100%        8


Dungeon Overview and Level Annotations

Branches:
Dungeon (4/15)
 Temple: D:4-7


Innate Abilities, Weirdness & Mutations

You have an increased reservoir of magic. (+10% MP)
You shall have no god before yourself.
Your divine heritage dramatically boosts your attributes as you level up.


Message History

The wight freezes you.
You hit the wight.
The wight is severely damaged.
The wight hits you with a +1 battleaxe of freezing.
The wight freezes you.
You hit the wight.
The wight is severely damaged.
The wight misses you.
You hit the wight.
The wight is almost destroyed.
The wight hits you with a +1 battleaxe of freezing!
You feel drained. The wight freezes you.
You slash the wight!
You destroy the wight!
Your life force feels restored.
You barely miss the wight.
The wight is moderately damaged.
The wight closely misses you. The wight misses you.
You barely miss the wight.
The wight is moderately damaged.
The wight hits you with a +1 scimitar!
* * * LOW HITPOINT WARNING * * *
You feel drained.
* * * LOW HITPOINT WARNING * * *
The wight barely misses you.
Press: ? - help, v - describe, . - travel, g - get item
Here: a wight, wielding a +1 scimitar and wearing a +0 robe (moderately damaged)
Items here: $ ( )) [[.
The floor.
Casting: Blink (safe; 14% risk of failure)
Confirm with . or Enter, or press ? or * to list all spells.
You blink.
The wight hits you with a +3 dagger of freezing.
* * * LOW HITPOINT WARNING * * *
The wight freezes you.
* * * LOW HITPOINT WARNING * * *
The wight hits you from afar with a +0 trident.
* * * LOW HITPOINT WARNING * * *
You feel drained.
You die...

#. #.### ###...... ....#
#.......# #.#.# #.......#
#.#ยง# #.......####.#z#
#........?.#.#z#
#.B5....##.#.#z###
#.............@..######
#..<.....#)..###......####...
###g.###.###. #.............
#...# #.###.####.####.. #.#.#
............# #.#.##
###.######..# #.).. .....
##.# ###.## #.### #.# #<# #.#
#.#


You could see 3 wights.

Vanquished Creatures
  Grinder (D:4)
  A scorpion (D:3)
  2 wights (D:4)
  An iguana (D:3)
  4 adders
  4 worms
  2 dart slugs
  An orc (D:3)
  4 bats
  6 endoplasms
  5 giant cockroaches
  3 goblins
  5 hobgoblins
  4 kobolds
  3 quokkas
  3 ball pythons
  2 frilled lizards
  3 rats
54 creatures vanquished.

Vanquished Creatures (others)
  A fungus (D:2)
  A plant (D:3)
2 creatures vanquished.

Grand Total: 56 creatures vanquished

Notes
Turn   | Place    | Note
-------+----------+-------------------------------------------
     0 | D:1      | avis the Demigod Warper began the quest for the Orb.
     0 | D:1      | Reached XP level 1. HP: 17/17 MP: 5/5
   154 | D:1      | Reached skill level 2 in Long Blades
   422 | D:1      | Reached XP level 2. HP: 24/24 MP: 7/7
   521 | D:1      | Learned a level 2 spell: Blink
   524 | D:1      | Learned a level 2 spell: Wereblood
   870 | D:2      | Reached skill level 3 in Long Blades
  1063 | D:2      | Reached XP level 3. HP: 22/29 MP: 8/8
  2016 | D:3      | Reached XP level 4. HP: 30/36 MP: 9/9
  2444 | D:3      | Reached skill level 4 in Long Blades
  2444 | D:3      | Reached XP level 5. HP: 36/41 MP: 10/10
  2960 | D:4      | Noticed Grinder
  3385 | D:4      | Killed Grinder
  3386 | D:4      | Reached skill level 5 in Long Blades
  3386 | D:4      | Reached XP level 6. HP: 17/48 MP: 11/11
  3599 | D:4      | HP: 1/46 [wight/+0 trident (4)]
  3599 | D:4      | Slain by a wight

Illustrated notes

Levels and vault maps discovered:
D:1:      ebering_trefoil_twist, layout_loops_ring
D:2:      layout_basic, shapermc_ecumenical_altar_acropolis
D:3:      layout_loops_ring, cheibriados_altar_2, minitemple,
          general_overflow_altar, mainiacjoe_overflow_chevrons,
          serial_bayou_pond_d, minmay_misc_feat_rugged
D:4:      layout_loops_ring, mainiacjoe_overflow_paths,
          mainiacjoe_overflow_alcove_4, kennysheep_mini_moat,
          saegor_snake_ambush, uniq_grinder

Skill      XL: |  1  2  3  4  5 |
---------------+----------------+-----
Fighting       | 2 |  2.0
Long Blades    | 2 3 4 5 |  5.0
Dodging        | 2 3 4 |  4.8
Throwing       | |  0.8
Armour         | |  0.8
Spellcasting   | |  1.7
Translocations | |  2.6

Action                   |  1- 3 |  4- 6 || total
-------------------------+-------+-------++-------
Melee: Falchion          |   102 |    48 ||   150
       Punch             |     1 |       ||     1
 Fire: Sling             |    81 |    40 ||   121
Throw: Boomerang         |     1 |     5 ||     6
       Dart              |       |     6 ||     6
 Cast: Blink             |       |     2 ||     2
 Stab: Sleeping          |     1 |       ||     1
Armor: Leather armour    |    22 |    12 ||    34
Dodge: Dodged            |    59 |    26 ||    85

Table legend: (Time is in decaauts)
 A = Elapsed time spent in this place.
 B = Non-inter-level travel time spent in this place.
 C = Inter-level travel time spent in this place.
 D = Time resting spent in this place.
 E = Time spent auto-exploring this place.
 F = Levels seen in this place.
 G = Mean time per level.
                   A        B        C        D        E       F      G
               +--------+--------+--------+--------+--------+-----+--------+
         Total |   3656 |   3234 |    422 |    628 |   1625 |   4 |  914.0 |
       Dungeon |   3656 |   3234 |    422 |    628 |   1625 |   4 |  914.0 |
               +--------+--------+--------+--------+--------+-----+--------+

Top non-repeatable levels by time:
     D:3: 1530 daAuts
     D:2: 1139 daAuts
     D:1: 704 daAuts
     D:4: 283 daAuts
